[ AOE2 MATCH · #483233335 ]
UnrankedMongols vs Spanish
[ REPLAY ANALYSIS · EXTRACTED FROM THE RECORDED GAME ]
Feudal
—
Castle
—
Imperial
—
| APM avg | 37.5 |
| APM peak | 81 |
| eAPM avg | 32.2 |
| Villagers / military | 296 / 1685 |
Focus
⚔️ 57.6% · 🌾 42.4%
Mangudai ×850 · Militia ×295 · Mangonel ×290 · Trade Cart ×204 · Spearman ×135 · Scorpion ×95
Feudal
—
Castle
—
Imperial
—
| APM avg | 24.4 |
| APM peak | 75 |
| eAPM avg | 19.8 |
| Villagers / military | 359 / 1653 |
Focus
⚔️ 60.0% · 🌾 40.0%
Conquistador ×612 · Knight ×564 · Unknown (882) ×514 · Hand Cannoneer ×159 · Spearman ×141 · Bombard Cannon ×87
Feudal
—
Castle
—
Imperial
—
| APM avg | 60.2 |
| APM peak | 180 |
| eAPM avg | 53.1 |
| Villagers / military | 272 / 2972 |
Focus
⚔️ 51.9% · 🌾 48.1%
Scout Cavalry ×1130 · Spearman ×750 · Hand Cannoneer ×535 · Iron Pagoda ×180 · Skirmisher ×120 · Fire Lancer ×105
Feudal
—
Castle
—
Imperial
—
| APM avg | 50.3 |
| APM peak | 213 |
| eAPM avg | 48.1 |
| Villagers / military | 446 / 3439 |
Focus
⚔️ 63.7% · 🌾 36.3%
Mameluke ×1319 · Camel Scout ×1251 · Hand Cannoneer ×285 · Mangonel ×266 · Trade Cart ×167 · Petard ×148
Feudal
—
Castle
—
Imperial
—
| APM avg | 68.7 |
| APM peak | 217 |
| eAPM avg | 64.5 |
| Villagers / military | 196 / 1252 |
Focus
⚔️ 61.8% · 🌾 38.2%
Unknown (882) ×885 · Genoese Crossbowman ×715 · Spearman ×304 · Bombard Cannon ×231 · Trade Cart ×63 · Monk ×1
Feudal
—
Castle
—
Imperial
—
| APM avg | 31.3 |
| APM peak | 85 |
| eAPM avg | 29.4 |
| Villagers / military | 400 / 1128 |
Focus
⚔️ 22.7% · 🌾 77.3%
Scout Cavalry ×495 · Camel Scout ×210 · Ghulam ×185 · Skirmisher ×136 · Trade Cart ×105 · Hand Cannoneer ×71
Feudal
—
Castle
—
Imperial
—
| APM avg | 72.7 |
| APM peak | 162 |
| eAPM avg | 66.8 |
| Villagers / military | 281 / 3303 |
Focus
⚔️ 44.0% · 🌾 56.0%
Knight ×2888 · Spearman ×334 · Trade Cart ×115 · Mangonel ×32 · Battering Ram ×28 · Militia ×20
Feudal
—
Castle
—
Imperial
—
| APM avg | 36.3 |
| APM peak | 130 |
| eAPM avg | 33.0 |
| Villagers / military | 328 / 1487 |
Focus
⚔️ 42.2% · 🌾 57.8%
War Elephant ×756 · Hand Cannoneer ×255 · Knight ×165 · Mangonel ×150 · Trade Cart ×120 · Scorpion ×85
Match map
Initial resources + every placement click. Lines = walls · curves = elevation contours. ◆ gold · ⬟ stone · ● berries · ✦ relic · ◌ wall gap
Your base· ✓ Map-separated
lucaismydog's base· ✓ Map-separated
29's base· ✓ Map-separated
Terry's nail's base· ✓ Map-separated
1754426786's base· ✓ Map-separated
Champu_AOE's base· ✓ Map-separated
lala's base· ✓ Map-separated
Max218953's base· ✓ Map-separated
Smoothed initial terrain · ◌ = detected wall gap · hover for details
Inputs per minute
— Ts1ns1n - - lucaismydog
Build order — Ts1ns1n
First 150 of 704 actions detected
| 0:07 | Build | Lumber Camp |
| 0:15 | Build | Town Center |
| 0:28 | Build | Town Center |
| 0:37 | Create | Villager (Male) |
| 0:37 | Create | Villager (Male) |
| 0:38 | Create | Villager (Male) |
| 0:38 | Create | Villager (Male) |
| 1:04 | Build | Town Center |
| 1:10 | Create | Villager (Male) ×5 |
| 1:10 | Create | Villager (Male) ×5 |
| 1:11 | Create | Villager (Male) ×5 |
| 1:11 | Create | Villager (Male) ×5 |
| 1:15 | Create | Villager (Male) ×5 |
| 1:15 | Create | Villager (Male) ×5 |
| 1:16 | Create | Villager (Male) ×5 |
| 1:19 | Build | Town Center |
| 1:31 | Build | Town Center |
| 1:56 | Create | Villager (Male) |
| 1:58 | Create | Villager (Male) |
| 1:59 | Create | Villager (Male) ×5 |
| 2:00 | Create | Villager (Male) ×5 |
| 2:01 | Create | Villager (Male) ×5 |
| 2:01 | Create | Villager (Male) ×5 |
| 2:02 | Create | Villager (Male) |
| 2:02 | Create | Villager (Male) |
| 2:04 | Create | Villager (Male) |
| 2:04 | Create | Villager (Male) |
| 2:05 | Create | Villager (Male) ×5 |
| 2:05 | Create | Villager (Male) ×5 |
| 2:05 | Create | Villager (Male) ×5 |
| 2:06 | Create | Villager (Male) ×5 |
| 2:38 | Build | Town Center |
| 3:09 | Build | Market |
| 3:11 | Build | Market |
| 3:14 | Build | Market |
| 3:17 | Build | Market |
| 3:19 | Build | Market |
| 3:21 | Build | Market |
| 3:33 | Create | Villager (Male) |
| 3:34 | Create | Villager (Male) ×5 |
| 3:38 | Create | Villager (Male) ×5 |
| 3:39 | Create | Villager (Male) ×5 |
| 3:39 | Create | Villager (Male) ×5 |
| 3:39 | Create | Villager (Male) ×5 |
| 3:41 | Create | Villager (Male) ×5 |
| 3:41 | Create | Villager (Male) ×5 |
| 3:41 | Create | Villager (Male) ×5 |
| 4:12 | Build | House |
| 4:13 | Build | House |
| 4:14 | Build | House |
| 4:16 | Build | House |
| 4:16 | Build | House |
| 4:17 | Build | House |
| 4:18 | Build | House |
| 4:18 | Build | House |
| 4:19 | Build | House |
| 4:19 | Build | House |
| 4:21 | Build | House |
| 4:22 | Build | House |
| 4:38 | Create | Villager (Male) ×5 |
| 4:40 | Create | Villager (Male) ×5 |
| 4:41 | Create | Villager (Male) ×5 |
| 4:45 | Create | Villager (Male) ×5 |
| 4:45 | Create | Villager (Male) ×5 |
| 4:45 | Create | Villager (Male) ×5 |
| 5:25 | Build | House |
| 5:25 | Build | House |
| 5:27 | Build | House |
| 5:29 | Build | House |
| 5:31 | Build | House |
| 5:32 | Build | House |
| 5:34 | Build | House |
| 5:35 | Build | House |
| 5:37 | Build | House |
| 5:42 | Build | House |
| 5:43 | Build | House |
| 5:45 | Build | House |
| 5:46 | Build | House |
| 5:48 | Build | House |
| 5:49 | Build | House |
| 5:50 | Build | House |
| 5:55 | Build | Farm |
| 5:55 | Build | Farm |
| 5:55 | Build | Farm |
| 5:56 | Build | Farm |
| 5:56 | Build | Farm |
| 5:56 | Build | Farm |
| 5:56 | Build | Farm |
| 5:57 | Build | Farm |
| 5:57 | Build | Farm |
| 5:57 | Build | Farm |
| 5:58 | Build | Farm |
| 5:58 | Build | Farm |
| 5:58 | Build | Farm |
| 5:59 | Build | Farm |
| 5:59 | Build | Farm |
| 5:59 | Build | Farm |
| 6:00 | Build | Farm |
| 6:01 | Build | Farm |
| 6:02 | Build | Farm |
| 6:03 | Build | Farm |
| 6:12 | Build | Farm |
| 6:12 | Build | Farm |
| 6:12 | Build | Farm |
| 6:13 | Build | Farm |
| 6:13 | Build | Farm |
| 6:13 | Build | Farm |
| 6:14 | Build | Farm |
| 6:14 | Build | Farm |
| 6:14 | Build | Farm |
| 6:17 | Build | Farm |
| 6:18 | Build | Farm |
| 6:18 | Build | Farm |
| 6:18 | Build | Farm |
| 6:20 | Build | Farm |
| 6:21 | Build | Farm |
| 6:22 | Build | Farm |
| 6:44 | Build | Lumber Camp |
| 6:48 | Build | Lumber Camp |
| 6:53 | Build | Lumber Camp |
| 7:05 | Create | Villager (Male) |
| 7:05 | Create | Villager (Male) |
| 7:09 | Build | Lumber Camp |
| 7:13 | Build | Lumber Camp |
| 7:30 | Create | Trade Cart ×5 |
| 7:31 | Create | Trade Cart ×5 |
| 7:31 | Create | Trade Cart ×5 |
| 7:31 | Create | Trade Cart ×5 |
| 7:32 | Create | Trade Cart ×5 |
| 7:32 | Create | Trade Cart ×5 |
| 7:32 | Create | Trade Cart ×5 |
| 7:32 | Create | Trade Cart ×5 |
| 7:33 | Create | Trade Cart ×5 |
| 7:33 | Create | Trade Cart ×5 |
| 7:33 | Create | Trade Cart ×5 |
| 7:34 | Create | Trade Cart ×5 |
| 7:34 | Create | Trade Cart ×5 |
| 7:34 | Create | Trade Cart ×5 |
| 7:35 | Create | Trade Cart ×5 |
| 7:35 | Create | Trade Cart ×5 |
| 7:35 | Create | Trade Cart ×5 |
| 7:36 | Create | Trade Cart ×5 |
| 7:36 | Create | Trade Cart ×5 |
| 7:55 | Build | House |
| 7:56 | Build | House |
| 7:57 | Build | House |
| 7:58 | Build | House |
| 8:00 | Build | House |
| 8:01 | Build | House |
| 8:03 | Build | House |
Build order — lucaismydog
First 150 of 924 actions detected
| 0:11 | Create | Villager (Male) ×5 |
| 0:11 | Create | Villager (Male) ×5 |
| 0:11 | Create | Villager (Male) ×5 |
| 0:11 | Create | Villager (Male) ×5 |
| 0:11 | Create | Villager (Male) ×5 |
| 0:16 | Build | Town Center |
| 0:19 | Build | Town Center |
| 0:23 | Build | Town Center |
| 0:26 | Build | Town Center |
| 0:28 | Build | Town Center |
| 0:31 | Build | Town Center |
| 0:36 | Build | Town Center |
| 0:40 | Build | Town Center |
| 0:49 | Build | Market |
| 0:50 | Build | Market |
| 0:52 | Build | Market |
| 0:54 | Build | Market |
| 1:01 | Build | House |
| 1:02 | Build | House |
| 1:04 | Build | House |
| 1:05 | Build | House |
| 1:06 | Build | House |
| 1:09 | Build | House |
| 1:10 | Build | House |
| 1:11 | Build | House |
| 1:13 | Build | House |
| 1:14 | Build | House |
| 1:15 | Build | House |
| 1:16 | Build | House |
| 1:17 | Build | House |
| 1:18 | Build | House |
| 1:21 | Build | House |
| 1:22 | Build | House |
| 1:24 | Build | House |
| 1:26 | Build | House |
| 1:27 | Build | House |
| 1:29 | Build | House |
| 1:30 | Build | House |
| 1:38 | Build | Mining Camp |
| 1:50 | Build | Stone Wall |
| 2:01 | Build | Stone Wall |
| 2:18 | Build | Stone Wall |
| 2:21 | Build | Gate |
| 2:25 | Build | Monastery |
| 2:33 | Create | Villager (Male) ×5 |
| 2:33 | Create | Villager (Male) ×5 |
| 2:33 | Create | Villager (Male) ×5 |
| 2:33 | Create | Villager (Male) ×5 |
| 2:36 | Create | Villager (Male) ×5 |
| 2:36 | Create | Villager (Male) ×5 |
| 2:36 | Create | Villager (Male) ×5 |
| 2:37 | Create | Villager (Male) ×5 |
| 2:39 | Create | Villager (Male) ×5 |
| 2:39 | Create | Villager (Male) ×5 |
| 2:39 | Create | Villager (Male) ×5 |
| 2:40 | Create | Villager (Male) ×5 |
| 2:40 | Create | Villager (Male) ×5 |
| 2:41 | Create | Villager (Male) ×5 |
| 2:42 | Create | Villager (Male) ×5 |
| 2:42 | Create | Villager (Male) ×5 |
| 2:42 | Create | Villager (Male) ×5 |
| 2:42 | Create | Villager (Male) ×5 |
| 2:45 | Create | Villager (Male) ×5 |
| 2:46 | Create | Villager (Male) ×5 |
| 2:46 | Create | Villager (Male) ×5 |
| 2:46 | Create | Villager (Male) |
| 2:46 | Create | Villager (Male) |
| 2:49 | Create | Villager (Male) ×5 |
| 2:50 | Create | Villager (Male) ×5 |
| 2:50 | Create | Villager (Male) ×5 |
| 2:50 | Create | Villager (Male) ×5 |
| 2:50 | Create | Villager (Male) ×5 |
| 3:07 | Build | Stone Wall |
| 3:13 | Build | Gate |
| 3:16 | Build | Gate |
| 3:19 | Build | Gate |
| 3:23 | Build | Gate |
| 3:25 | Build | Gate |
| 3:27 | Build | Gate |
| 3:30 | Build | Gate |
| 3:32 | Build | Gate |
| 3:35 | Build | Gate |
| 3:38 | Build | Gate |
| 3:42 | Build | Gate |
| 3:52 | Build | Town Center |
| 3:55 | Build | Town Center |
| 3:58 | Build | Town Center |
| 4:02 | Build | Town Center |
| 4:23 | Build | Town Center |
| 4:38 | Build | Stone Wall |
| 4:53 | Create | Monk ×5 |
| 4:58 | Build | Castle |
| 5:06 | Build | Castle |
| 5:14 | Build | Castle |
| 5:21 | Build | Castle |
| 5:33 | Build | Mining Camp |
| 5:38 | Create | Villager (Male) ×5 |
| 5:38 | Create | Villager (Male) ×5 |
| 5:38 | Create | Villager (Male) ×5 |
| 5:38 | Create | Villager (Male) |
| 5:39 | Create | Villager (Male) |
| 5:57 | Build | Farm |
| 6:00 | Build | Farm |
| 6:02 | Build | Town Center |
| 6:04 | Build | Farm |
| 6:06 | Build | Farm |
| 6:07 | Build | Farm |
| 6:10 | Build | Town Center |
| 6:13 | Build | Farm |
| 6:14 | Build | Farm |
| 6:16 | Build | Town Center |
| 6:19 | Build | Farm |
| 6:21 | Build | Farm |
| 7:17 | Build | Mining Camp |
| 7:26 | Build | Town Center |
| 7:41 | Build | Farm |
| 7:43 | Build | Farm |
| 7:44 | Build | Town Center |
| 8:03 | Create | Villager (Male) ×5 |
| 8:03 | Create | Villager (Male) ×5 |
| 8:04 | Create | Villager (Male) ×5 |
| 8:04 | Create | Villager (Male) ×5 |
| 8:04 | Create | Villager (Male) ×5 |
| 8:06 | Create | Villager (Male) ×5 |
| 8:06 | Create | Villager (Male) ×5 |
| 8:06 | Create | Villager (Male) ×5 |
| 8:07 | Create | Villager (Male) ×5 |
| 8:07 | Create | Villager (Male) ×5 |
| 8:09 | Create | Villager (Male) ×5 |
| 8:10 | Create | Villager (Male) ×5 |
| 8:10 | Create | Villager (Male) ×5 |
| 8:10 | Create | Villager (Male) ×5 |
| 8:10 | Create | Villager (Male) ×5 |
| 8:12 | Create | Villager (Male) ×5 |
| 8:12 | Create | Villager (Male) ×5 |
| 8:12 | Create | Villager (Male) ×5 |
| 8:13 | Create | Villager (Male) ×5 |
| 8:20 | Build | Farm |
| 8:22 | Build | Farm |
| 8:24 | Build | Farm |
| 8:25 | Build | Farm |
| 8:26 | Build | Farm |
| 8:28 | Build | Farm |
| 8:30 | Build | Farm |
| 8:31 | Build | Farm |
| 8:32 | Build | Farm |
| 8:34 | Build | Farm |
| 8:39 | Build | Farm |
| 8:40 | Build | Farm |
| 8:41 | Build | Farm |
Build order — 29
First 150 of 1089 actions detected
| 0:04 | Create | Villager (Male) ×5 |
| 0:07 | Build | Town Center |
| 0:10 | Build | Town Center |
| 0:17 | Build | Town Center |
| 0:20 | Build | Town Center |
| 0:22 | Build | Town Center |
| 0:25 | Build | Town Center |
| 0:27 | Build | Town Center |
| 0:29 | Build | Town Center |
| 0:32 | Build | Town Center |
| 0:34 | Build | Town Center |
| 0:37 | Build | Town Center |
| 0:39 | Build | Town Center |
| 0:41 | Build | Town Center |
| 0:43 | Create | Villager (Male) |
| 0:43 | Create | Villager (Male) |
| 0:49 | Build | House |
| 0:50 | Build | House |
| 0:52 | Build | House |
| 0:52 | Build | House |
| 0:53 | Build | House |
| 0:53 | Build | House |
| 0:54 | Build | House |
| 0:56 | Build | House |
| 0:57 | Build | House |
| 0:58 | Build | House |
| 1:01 | Build | House |
| 1:31 | Build | Market |
| 1:34 | Build | Market |
| 1:42 | Build | Castle |
| 1:45 | Build | Town Center |
| 1:49 | Build | Monastery |
| 1:55 | Build | Monastery |
| 2:01 | Build | Barracks |
| 2:01 | Build | Barracks |
| 2:01 | Build | Barracks |
| 2:08 | Build | Barracks |
| 2:08 | Build | Barracks |
| 2:09 | Build | Barracks |
| 2:09 | Build | Barracks |
| 2:09 | Build | Barracks |
| 2:10 | Build | Barracks |
| 2:10 | Build | Barracks |
| 2:11 | Build | Barracks |
| 2:11 | Build | Barracks |
| 2:12 | Build | Barracks |
| 2:13 | Build | Barracks |
| 2:13 | Build | Barracks |
| 2:13 | Build | Barracks |
| 2:14 | Build | Barracks |
| 2:17 | Build | Barracks |
| 2:19 | Build | Barracks |
| 2:21 | Build | Barracks |
| 2:45 | Build | Castle |
| 2:48 | Build | Castle |
| 2:55 | Build | Castle |
| 3:00 | Build | Archery Range |
| 3:00 | Build | Archery Range |
| 3:00 | Build | Archery Range |
| 3:01 | Build | Archery Range |
| 3:01 | Build | Archery Range |
| 3:02 | Build | Archery Range |
| 3:02 | Build | Archery Range |
| 3:03 | Build | Archery Range |
| 3:03 | Build | Archery Range |
| 3:05 | Build | Archery Range |
| 3:05 | Build | Archery Range |
| 3:05 | Build | Archery Range |
| 3:07 | Build | Archery Range |
| 3:07 | Build | Archery Range |
| 3:10 | Build | Archery Range |
| 3:15 | Build | Archery Range |
| 3:17 | Build | Archery Range |
| 3:22 | Build | Stable |
| 3:24 | Build | Stable |
| 3:24 | Build | Stable |
| 3:24 | Build | Stable |
| 3:25 | Build | Stable |
| 3:25 | Build | Stable |
| 3:25 | Build | Stable |
| 3:28 | Build | Stable |
| 3:28 | Build | Stable |
| 3:28 | Build | Stable |
| 3:29 | Build | Stable |
| 3:29 | Build | Stable |
| 3:30 | Build | Stable |
| 3:35 | Build | Siege Workshop |
| 3:36 | Build | Siege Workshop |
| 3:36 | Build | Siege Workshop |
| 3:36 | Build | Siege Workshop |
| 3:37 | Build | Siege Workshop |
| 3:37 | Build | Siege Workshop |
| 3:37 | Build | Siege Workshop |
| 3:38 | Build | Siege Workshop |
| 3:44 | Create | Villager (Male) ×5 |
| 3:44 | Create | Villager (Male) ×5 |
| 3:45 | Create | Villager (Male) ×5 |
| 3:45 | Create | Villager (Male) ×5 |
| 3:45 | Create | Villager (Male) ×5 |
| 3:46 | Create | Villager (Male) ×5 |
| 3:46 | Create | Villager (Male) ×5 |
| 3:46 | Create | Villager (Male) ×5 |
| 3:46 | Create | Villager (Male) ×5 |
| 3:46 | Create | Villager (Male) ×5 |
| 3:47 | Create | Villager (Male) ×5 |
| 3:58 | Build | Market |
| 4:00 | Build | Market |
| 4:00 | Build | Market |
| 4:01 | Build | Market |
| 4:01 | Build | Market |
| 4:02 | Build | Market |
| 4:10 | Create | Trade Cart |
| 4:10 | Create | Trade Cart |
| 4:11 | Create | Trade Cart |
| 4:12 | Create | Trade Cart |
| 4:13 | Create | Trade Cart |
| 4:19 | Build | Castle |
| 4:21 | Build | Stone Wall |
| 4:30 | Build | Castle |
| 4:39 | Build | Lumber Camp |
| 4:43 | Build | Lumber Camp |
| 4:47 | Build | Watch Tower |
| 4:57 | Build | Bombard Tower |
| 5:04 | Build | Lumber Camp |
| 5:07 | Build | Lumber Camp |
| 5:13 | Build | Barracks |
| 5:13 | Build | Barracks |
| 5:14 | Build | Barracks |
| 5:14 | Build | Barracks |
| 5:18 | Build | Barracks |
| 5:19 | Build | Barracks |
| 5:26 | Build | Lumber Camp |
| 5:30 | Build | Lumber Camp |
| 5:35 | Build | Lumber Camp |
| 5:36 | Create | Villager (Male) ×5 |
| 5:37 | Create | Villager (Male) ×5 |
| 5:44 | Build | Castle |
| 5:52 | Build | Archery Range |
| 5:53 | Build | Archery Range |
| 5:53 | Build | Archery Range |
| 5:53 | Build | Archery Range |
| 5:54 | Build | Archery Range |
| 5:54 | Build | Archery Range |
| 5:54 | Build | Archery Range |
| 6:00 | Build | Siege Workshop |
| 6:08 | Build | Lumber Camp |
| 6:14 | Build | Lumber Camp |
| 6:35 | Create | Trade Cart |
| 6:35 | Create | Trade Cart |
| 6:36 | Create | Trade Cart |
Build order — Terry's nail
First 150 of 1566 actions detected
| 0:03 | Build | Market |
| 0:04 | Create | Villager (Male) ×5 |
| 0:05 | Create | Villager (Male) ×5 |
| 0:06 | Create | Villager (Male) ×5 |
| 0:17 | Build | Town Center |
| 0:17 | Build | Town Center |
| 0:17 | Build | Town Center |
| 0:18 | Build | Town Center |
| 0:20 | Build | Town Center |
| 0:21 | Build | Town Center |
| 0:21 | Build | Town Center |
| 0:22 | Build | Town Center |
| 0:23 | Build | Town Center |
| 0:24 | Build | Town Center |
| 0:25 | Build | Town Center |
| 0:25 | Build | Town Center |
| 0:25 | Build | Town Center |
| 0:28 | Build | Town Center |
| 0:28 | Build | Town Center |
| 0:28 | Build | Town Center |
| 0:29 | Build | Town Center |
| 0:29 | Build | Town Center |
| 0:31 | Build | Town Center |
| 0:31 | Build | Town Center |
| 0:32 | Build | Town Center |
| 0:32 | Build | Town Center |
| 0:33 | Build | Town Center |
| 0:33 | Build | Town Center |
| 0:36 | Build | Town Center |
| 0:36 | Build | Town Center |
| 0:37 | Build | Town Center |
| 0:45 | Build | Town Center |
| 0:45 | Build | Town Center |
| 0:46 | Build | Town Center |
| 0:46 | Build | Town Center |
| 0:46 | Build | Town Center |
| 0:49 | Build | Town Center |
| 0:50 | Build | Town Center |
| 0:50 | Build | Town Center |
| 0:50 | Build | Town Center |
| 0:54 | Build | Monastery |
| 0:55 | Build | House |
| 0:55 | Build | House |
| 0:56 | Build | House |
| 0:56 | Build | House |
| 0:56 | Build | House |
| 0:57 | Build | House |
| 0:57 | Build | House |
| 0:57 | Build | House |
| 1:00 | Build | House |
| 1:01 | Build | House |
| 1:01 | Build | House |
| 1:01 | Build | House |
| 1:02 | Build | House |
| 1:02 | Build | House |
| 1:02 | Build | House |
| 1:03 | Build | House |
| 1:07 | Build | House |
| 1:08 | Build | House |
| 1:08 | Build | House |
| 1:08 | Build | House |
| 1:09 | Build | House |
| 1:09 | Build | House |
| 1:09 | Build | House |
| 1:10 | Build | House |
| 1:10 | Build | House |
| 1:10 | Build | House |
| 1:13 | Build | House |
| 1:13 | Build | House |
| 1:14 | Build | House |
| 1:14 | Build | House |
| 1:14 | Build | House |
| 1:15 | Build | House |
| 1:15 | Build | House |
| 1:19 | Build | Town Center |
| 1:20 | Build | Town Center |
| 1:20 | Build | Town Center |
| 1:21 | Build | Town Center |
| 1:23 | Create | Villager (Male) ×5 |
| 1:23 | Create | Villager (Male) ×5 |
| 1:23 | Create | Villager (Male) ×5 |
| 1:24 | Create | Villager (Male) ×5 |
| 1:24 | Create | Villager (Male) ×5 |
| 1:24 | Create | Villager (Male) ×5 |
| 1:25 | Create | Villager (Male) ×5 |
| 1:30 | Build | Market |
| 1:32 | Build | Market |
| 1:33 | Build | Market |
| 1:33 | Build | Market |
| 1:34 | Build | Market |
| 1:35 | Build | Market |
| 1:35 | Build | Market |
| 1:35 | Build | Market |
| 1:37 | Build | Market |
| 1:37 | Build | Market |
| 1:37 | Build | Market |
| 1:38 | Build | Market |
| 1:38 | Build | Market |
| 1:38 | Build | Market |
| 1:44 | Create | Villager (Male) ×5 |
| 1:44 | Create | Villager (Male) ×5 |
| 1:45 | Create | Villager (Male) ×5 |
| 1:45 | Create | Villager (Male) ×5 |
| 1:45 | Create | Villager (Male) ×5 |
| 1:46 | Create | Villager (Male) ×5 |
| 1:48 | Build | House |
| 1:50 | Build | House |
| 1:50 | Build | House |
| 1:51 | Build | House |
| 1:51 | Build | House |
| 1:54 | Build | House |
| 1:54 | Build | House |
| 1:54 | Build | House |
| 1:55 | Build | House |
| 1:55 | Build | House |
| 1:55 | Build | House |
| 1:56 | Build | House |
| 1:56 | Build | House |
| 1:57 | Create | Villager (Male) ×5 |
| 1:57 | Create | Villager (Male) ×5 |
| 1:58 | Create | Villager (Male) ×5 |
| 1:58 | Create | Villager (Male) ×5 |
| 1:59 | Create | Villager (Male) ×5 |
| 2:00 | Build | Mining Camp |
| 2:01 | Create | Villager (Male) ×5 |
| 2:01 | Create | Villager (Male) ×5 |
| 2:02 | Create | Villager (Male) ×5 |
| 2:02 | Create | Villager (Male) ×5 |
| 2:03 | Create | Monk |
| 2:05 | Create | Villager (Male) ×5 |
| 2:06 | Create | Villager (Male) ×5 |
| 2:06 | Create | Villager (Male) ×5 |
| 2:07 | Create | Villager (Male) ×5 |
| 2:07 | Create | Villager (Male) ×5 |
| 2:07 | Create | Villager (Male) ×5 |
| 2:08 | Create | Villager (Male) ×5 |
| 2:08 | Create | Villager (Male) ×2 |
| 2:09 | Create | Villager (Male) |
| 2:09 | Create | Villager (Male) |
| 2:09 | Create | Villager (Male) ×3 |
| 2:10 | Create | Villager (Male) ×2 |
| 2:14 | Build | Market |
| 2:14 | Build | Market |
| 2:15 | Build | Market |
| 2:15 | Build | Market |
| 2:16 | Build | Market |
| 2:17 | Build | Market |
| 2:17 | Build | Market |
| 2:17 | Build | Market |
| 2:18 | Build | Market |
Build order — 1754426786
First 150 of 2633 actions detected
| 0:26 | Build | Town Center |
| 0:35 | Build | Market |
| 0:38 | Build | Market |
| 0:40 | Build | Market |
| 0:48 | Build | House |
| 0:48 | Build | House |
| 0:48 | Build | House |
| 0:49 | Build | House |
| 0:49 | Build | House |
| 0:49 | Build | House |
| 0:50 | Build | House |
| 0:50 | Build | House |
| 0:50 | Build | House |
| 0:51 | Build | House |
| 0:51 | Build | House |
| 0:51 | Build | House |
| 0:52 | Build | House |
| 0:52 | Build | House |
| 0:57 | Create | Villager (Male) |
| 0:57 | Create | Villager (Male) |
| 0:57 | Create | Villager (Male) |
| 0:57 | Create | Villager (Male) |
| 0:58 | Create | Villager (Male) |
| 0:58 | Create | Villager (Male) |
| 0:58 | Create | Villager (Male) |
| 0:58 | Create | Villager (Male) |
| 0:59 | Create | Villager (Male) |
| 0:59 | Create | Villager (Male) |
| 0:59 | Create | Villager (Male) |
| 1:00 | Create | Villager (Male) |
| 1:00 | Create | Villager (Male) |
| 1:01 | Create | Villager (Male) |
| 1:01 | Create | Villager (Male) |
| 1:01 | Create | Villager (Male) |
| 1:01 | Create | Villager (Male) |
| 1:12 | Build | Town Center |
| 1:26 | Build | Town Center |
| 1:29 | Create | Villager (Male) |
| 1:29 | Create | Villager (Male) |
| 1:30 | Create | Villager (Male) |
| 1:30 | Create | Villager (Male) |
| 1:30 | Create | Villager (Male) |
| 1:31 | Create | Villager (Male) |
| 1:31 | Create | Villager (Male) |
| 1:32 | Create | Villager (Male) |
| 1:32 | Create | Villager (Male) |
| 1:32 | Create | Villager (Male) |
| 1:32 | Create | Villager (Male) |
| 1:33 | Create | Villager (Male) |
| 1:33 | Create | Villager (Male) |
| 2:04 | Build | Stone Wall |
| 2:11 | Create | Villager (Male) |
| 2:11 | Create | Villager (Male) |
| 2:11 | Create | Villager (Male) |
| 2:11 | Create | Villager (Male) |
| 2:12 | Create | Villager (Male) |
| 2:12 | Create | Villager (Male) |
| 2:13 | Create | Villager (Male) |
| 2:13 | Create | Villager (Male) |
| 2:13 | Create | Villager (Male) |
| 2:14 | Create | Villager (Male) |
| 2:21 | Build | Farm |
| 2:21 | Build | Farm |
| 2:21 | Build | Farm |
| 2:22 | Build | Farm |
| 2:22 | Build | Farm |
| 2:22 | Build | Farm |
| 2:23 | Build | Farm |
| 2:23 | Build | Farm |
| 2:23 | Build | Farm |
| 2:24 | Build | Farm |
| 2:24 | Build | Farm |
| 2:24 | Build | Farm |
| 2:25 | Build | Farm |
| 2:25 | Build | Farm |
| 2:25 | Build | Farm |
| 2:26 | Build | Farm |
| 2:26 | Build | Farm |
| 2:27 | Build | Farm |
| 2:27 | Build | Farm |
| 2:27 | Build | Farm |
| 2:28 | Build | Farm |
| 2:28 | Build | Farm |
| 2:29 | Build | Farm |
| 2:29 | Build | Farm |
| 2:29 | Build | Farm |
| 2:30 | Build | Farm |
| 2:30 | Build | Farm |
| 2:30 | Build | Farm |
| 2:31 | Build | Farm |
| 2:31 | Build | Farm |
| 2:32 | Build | Farm |
| 2:32 | Build | Farm |
| 2:32 | Build | Farm |
| 2:33 | Build | Farm |
| 2:33 | Build | Farm |
| 2:40 | Create | Villager (Male) |
| 2:40 | Create | Villager (Male) |
| 3:00 | Build | House |
| 3:01 | Build | House |
| 3:01 | Build | House |
| 3:01 | Build | House |
| 3:02 | Build | House |
| 3:02 | Build | House |
| 3:02 | Build | House |
| 3:03 | Build | House |
| 3:13 | Create | Trade Cart |
| 3:14 | Create | Trade Cart |
| 3:14 | Create | Trade Cart |
| 3:14 | Create | Trade Cart |
| 3:14 | Create | Trade Cart |
| 3:15 | Create | Trade Cart |
| 3:15 | Create | Trade Cart |
| 3:15 | Create | Trade Cart |
| 3:15 | Create | Trade Cart |
| 3:16 | Create | Trade Cart |
| 3:16 | Create | Trade Cart |
| 3:16 | Create | Trade Cart |
| 3:16 | Create | Trade Cart |
| 3:17 | Create | Trade Cart |
| 3:17 | Create | Trade Cart |
| 3:17 | Create | Trade Cart |
| 3:17 | Create | Trade Cart |
| 3:18 | Create | Trade Cart |
| 3:18 | Create | Trade Cart |
| 3:18 | Create | Trade Cart |
| 3:19 | Create | Trade Cart |
| 3:19 | Create | Trade Cart |
| 3:19 | Create | Trade Cart |
| 3:19 | Create | Trade Cart |
| 3:20 | Create | Trade Cart |
| 3:20 | Create | Trade Cart |
| 3:20 | Create | Trade Cart |
| 3:20 | Create | Trade Cart |
| 3:21 | Create | Trade Cart |
| 3:21 | Create | Trade Cart |
| 3:22 | Create | Trade Cart |
| 3:22 | Create | Trade Cart |
| 3:22 | Create | Trade Cart |
| 3:23 | Create | Trade Cart |
| 3:23 | Create | Trade Cart |
| 3:23 | Create | Trade Cart |
| 3:23 | Create | Trade Cart |
| 3:24 | Create | Trade Cart |
| 3:24 | Create | Trade Cart |
| 3:24 | Create | Trade Cart |
| 3:24 | Create | Trade Cart |
| 3:25 | Create | Trade Cart |
| 3:25 | Create | Trade Cart |
| 3:25 | Create | Trade Cart |
Build order — Champu_AOE
First 150 of 1104 actions detected
| 0:04 | Create | Villager (Male) |
| 0:04 | Create | Villager (Male) |
| 0:05 | Create | Villager (Male) |
| 0:05 | Create | Villager (Male) |
| 0:11 | Build | Town Center |
| 0:12 | Build | Town Center |
| 0:14 | Build | Town Center |
| 0:17 | Build | Town Center |
| 0:21 | Build | Town Center |
| 0:26 | Build | Town Center |
| 0:28 | Build | Town Center |
| 0:31 | Build | Town Center |
| 0:34 | Build | Town Center |
| 0:37 | Build | Town Center |
| 0:41 | Build | Town Center |
| 0:43 | Build | Town Center |
| 0:46 | Build | Town Center |
| 0:49 | Build | Town Center |
| 0:52 | Build | Town Center |
| 0:57 | Build | Town Center |
| 1:01 | Build | Town Center |
| 1:04 | Create | Villager (Male) |
| 1:04 | Create | Villager (Male) |
| 1:04 | Create | Villager (Male) |
| 1:05 | Create | Villager (Male) |
| 1:05 | Create | Villager (Male) |
| 1:06 | Create | Villager (Male) |
| 1:06 | Create | Villager (Male) |
| 1:06 | Create | Villager (Male) |
| 1:18 | Build | Market |
| 1:20 | Build | Market |
| 1:21 | Build | Market |
| 1:24 | Build | Market |
| 1:27 | Build | Market |
| 1:30 | Build | Market |
| 1:36 | Build | Market |
| 1:41 | Create | Villager (Male) |
| 1:41 | Create | Villager (Male) |
| 1:43 | Create | Villager (Male) |
| 1:43 | Create | Villager (Male) |
| 1:44 | Create | Villager (Male) |
| 1:44 | Create | Villager (Male) |
| 1:44 | Create | Villager (Male) |
| 1:45 | Create | Villager (Male) |
| 1:46 | Create | Villager (Male) |
| 1:47 | Create | Villager (Male) |
| 1:47 | Create | Villager (Male) |
| 1:48 | Create | Villager (Male) |
| 1:48 | Create | Villager (Male) |
| 1:48 | Create | Villager (Male) |
| 1:49 | Create | Villager (Male) |
| 1:50 | Create | Villager (Male) |
| 1:51 | Create | Villager (Male) |
| 1:51 | Create | Villager (Male) |
| 1:51 | Create | Villager (Male) |
| 1:52 | Create | Villager (Male) |
| 1:54 | Create | Villager (Male) |
| 1:54 | Create | Villager (Male) |
| 1:54 | Create | Villager (Male) |
| 1:55 | Create | Villager (Male) |
| 1:55 | Create | Villager (Male) |
| 1:56 | Create | Villager (Male) |
| 1:56 | Create | Villager (Male) |
| 1:56 | Create | Villager (Male) |
| 2:09 | Create | Villager (Male) |
| 2:09 | Create | Villager (Male) |
| 2:10 | Create | Villager (Male) |
| 2:10 | Create | Villager (Male) |
| 2:10 | Create | Villager (Male) |
| 2:11 | Create | Villager (Male) |
| 2:13 | Create | Villager (Male) |
| 2:15 | Create | Villager (Male) |
| 2:15 | Create | Villager (Male) |
| 2:16 | Create | Villager (Male) |
| 2:16 | Create | Villager (Male) |
| 2:17 | Create | Villager (Male) |
| 2:17 | Create | Villager (Male) |
| 2:19 | Create | Villager (Male) |
| 2:20 | Create | Villager (Male) |
| 2:25 | Create | Villager (Male) |
| 2:25 | Create | Villager (Male) |
| 2:26 | Create | Villager (Male) |
| 2:27 | Create | Villager (Male) |
| 2:27 | Create | Villager (Male) |
| 2:27 | Create | Villager (Male) |
| 2:44 | Create | Villager (Male) |
| 2:44 | Create | Villager (Male) |
| 2:44 | Create | Villager (Male) |
| 2:45 | Create | Villager (Male) |
| 2:47 | Create | Villager (Male) |
| 2:47 | Create | Villager (Male) |
| 2:48 | Create | Villager (Male) |
| 2:48 | Create | Villager (Male) |
| 2:48 | Create | Villager (Male) |
| 2:51 | Create | Villager (Male) |
| 2:52 | Create | Villager (Male) |
| 2:52 | Create | Villager (Male) |
| 2:52 | Create | Villager (Male) |
| 2:53 | Create | Villager (Male) |
| 2:53 | Create | Villager (Male) |
| 2:57 | Create | Villager (Male) |
| 2:57 | Create | Villager (Male) |
| 2:58 | Create | Villager (Male) |
| 2:59 | Create | Villager (Male) |
| 3:01 | Create | Villager (Male) |
| 3:01 | Create | Villager (Male) |
| 3:14 | Create | Villager (Male) |
| 3:14 | Create | Villager (Male) |
| 3:15 | Create | Villager (Male) |
| 3:15 | Create | Villager (Male) |
| 3:16 | Create | Villager (Male) |
| 3:16 | Create | Villager (Male) |
| 3:17 | Create | Villager (Male) |
| 3:17 | Create | Villager (Male) |
| 3:17 | Create | Villager (Male) |
| 3:18 | Create | Villager (Male) |
| 3:22 | Create | Villager (Male) |
| 3:23 | Create | Villager (Male) |
| 3:23 | Create | Villager (Male) |
| 3:23 | Create | Villager (Male) |
| 3:24 | Create | Villager (Male) |
| 3:24 | Create | Villager (Male) |
| 3:26 | Create | Villager (Male) |
| 3:26 | Create | Villager (Male) |
| 3:27 | Create | Villager (Male) |
| 3:27 | Create | Villager (Male) |
| 3:27 | Create | Villager (Male) |
| 3:28 | Create | Villager (Male) |
| 3:28 | Create | Villager (Male) |
| 3:29 | Create | Villager (Male) |
| 3:30 | Create | Villager (Male) |
| 3:30 | Create | Villager (Male) |
| 3:30 | Create | Villager (Male) |
| 3:31 | Create | Villager (Male) |
| 3:36 | Create | Villager (Male) |
| 3:36 | Create | Villager (Male) |
| 3:37 | Create | Villager (Male) |
| 3:37 | Create | Villager (Male) |
| 3:38 | Create | Villager (Male) |
| 3:39 | Create | Villager (Male) |
| 3:39 | Create | Villager (Male) |
| 3:40 | Create | Villager (Male) |
| 3:40 | Create | Villager (Male) |
| 3:41 | Create | Villager (Male) |
| 3:41 | Create | Villager (Male) |
| 3:42 | Create | Villager (Male) |
| 3:42 | Create | Villager (Male) |
| 3:44 | Create | Villager (Male) |
| 3:44 | Create | Villager (Male) |
| 3:45 | Create | Villager (Male) |
Build order — lala
First 150 of 1780 actions detected
| 0:05 | Create | Villager (Male) |
| 0:05 | Create | Villager (Male) |
| 0:06 | Create | Villager (Male) |
| 0:13 | Build | Market |
| 0:22 | Build | Town Center |
| 0:29 | Build | House |
| 0:31 | Build | House |
| 0:34 | Build | House |
| 0:34 | Build | House |
| 0:36 | Build | House |
| 0:38 | Build | House |
| 0:39 | Build | House |
| 0:40 | Build | House |
| 0:46 | Build | Town Center |
| 0:51 | Build | Town Center |
| 0:54 | Build | Town Center |
| 0:59 | Build | Town Center |
| 1:01 | Create | Villager (Male) |
| 1:02 | Create | Villager (Male) |
| 1:02 | Create | Villager (Male) |
| 1:02 | Create | Villager (Male) |
| 1:09 | Build | Town Center |
| 1:11 | Build | Town Center |
| 1:12 | Build | Town Center |
| 1:13 | Build | Town Center |
| 1:16 | Build | Town Center |
| 1:20 | Build | Town Center |
| 1:22 | Build | Town Center |
| 1:24 | Build | Town Center |
| 1:25 | Build | Town Center |
| 1:25 | Build | Town Center |
| 1:29 | Build | Town Center |
| 1:30 | Build | Town Center |
| 1:33 | Build | Town Center |
| 1:34 | Build | Town Center |
| 1:36 | Build | Town Center |
| 1:39 | Create | Villager (Male) |
| 1:39 | Create | Villager (Male) |
| 1:39 | Create | Villager (Male) |
| 1:40 | Create | Villager (Male) |
| 1:45 | Build | Town Center |
| 1:54 | Build | Monastery |
| 2:06 | Build | House |
| 2:10 | Build | House |
| 2:11 | Build | House |
| 2:13 | Build | House |
| 2:15 | Build | House |
| 2:18 | Build | House |
| 2:19 | Build | House |
| 2:22 | Build | House |
| 2:23 | Build | House |
| 2:25 | Build | House |
| 2:27 | Build | House |
| 2:29 | Build | House |
| 2:37 | Create | Villager (Male) |
| 2:37 | Create | Villager (Male) |
| 2:38 | Create | Villager (Male) |
| 2:38 | Create | Villager (Male) |
| 2:38 | Create | Villager (Male) |
| 2:39 | Create | Villager (Male) |
| 2:40 | Create | Villager (Male) |
| 2:43 | Create | Monk |
| 2:49 | Build | Mining Camp |
| 3:09 | Build | Market |
| 3:11 | Build | Market |
| 3:13 | Build | Market |
| 3:15 | Build | Market |
| 3:20 | Build | Market |
| 3:21 | Build | Market |
| 3:21 | Build | Market |
| 3:21 | Build | Market |
| 3:21 | Build | Market |
| 3:22 | Build | Market |
| 3:22 | Build | Market |
| 3:22 | Build | Market |
| 3:24 | Build | Market |
| 3:24 | Build | Market |
| 3:24 | Build | Market |
| 3:25 | Build | Market |
| 3:28 | Build | Market |
| 3:29 | Build | Market |
| 3:30 | Build | Market |
| 3:30 | Build | Market |
| 3:33 | Build | Market |
| 3:50 | Create | Trade Cart ×5 |
| 3:50 | Create | Trade Cart ×5 |
| 3:50 | Create | Trade Cart ×5 |
| 3:50 | Create | Trade Cart ×5 |
| 4:11 | Create | Villager (Male) ×5 |
| 4:12 | Create | Villager (Male) ×5 |
| 4:12 | Create | Villager (Male) ×5 |
| 4:12 | Create | Villager (Male) ×5 |
| 4:13 | Create | Villager (Male) ×5 |
| 4:13 | Create | Villager (Male) ×5 |
| 4:13 | Create | Villager (Male) ×5 |
| 4:13 | Create | Villager (Male) ×5 |
| 4:14 | Create | Villager (Male) ×5 |
| 4:14 | Create | Villager (Male) ×5 |
| 4:14 | Create | Villager (Male) ×5 |
| 4:15 | Create | Villager (Male) ×5 |
| 4:15 | Create | Villager (Male) ×5 |
| 4:15 | Create | Villager (Male) ×5 |
| 4:16 | Create | Villager (Male) ×5 |
| 4:16 | Create | Villager (Male) ×5 |
| 4:46 | Create | Villager (Male) |
| 4:46 | Create | Villager (Male) |
| 4:46 | Create | Villager (Male) |
| 4:47 | Create | Villager (Male) |
| 4:47 | Create | Villager (Male) |
| 4:50 | Create | Villager (Male) |
| 4:50 | Create | Villager (Male) |
| 4:51 | Create | Villager (Male) |
| 4:57 | Create | Villager (Male) |
| 4:58 | Create | Villager (Male) |
| 4:58 | Create | Villager (Male) |
| 4:59 | Create | Villager (Male) |
| 5:01 | Create | Villager (Male) |
| 5:02 | Create | Villager (Male) |
| 5:02 | Create | Villager (Male) |
| 5:48 | Create | Trade Cart |
| 5:48 | Create | Trade Cart |
| 5:48 | Create | Trade Cart |
| 5:49 | Create | Trade Cart |
| 5:52 | Create | Trade Cart |
| 5:53 | Create | Trade Cart |
| 5:53 | Create | Trade Cart |
| 5:53 | Create | Trade Cart |
| 5:54 | Create | Trade Cart |
| 5:54 | Create | Trade Cart |
| 5:54 | Create | Trade Cart |
| 5:55 | Create | Trade Cart |
| 5:55 | Create | Trade Cart |
| 5:55 | Create | Trade Cart |
| 5:56 | Create | Trade Cart |
| 5:56 | Create | Trade Cart |
| 5:57 | Create | Trade Cart |
| 5:57 | Create | Trade Cart |
| 5:57 | Create | Trade Cart |
| 5:57 | Create | Trade Cart |
| 5:58 | Create | Trade Cart |
| 6:07 | Create | Villager (Male) |
| 6:07 | Create | Villager (Male) |
| 6:07 | Create | Villager (Male) |
| 6:10 | Create | Villager (Male) |
| 6:10 | Create | Villager (Male) |
| 6:11 | Create | Villager (Male) |
| 6:11 | Create | Villager (Male) |
| 6:14 | Create | Villager (Male) |
| 6:14 | Create | Villager (Male) |
| 6:14 | Create | Villager (Male) |
Build order — Max218953
First 150 of 938 actions detected
| 0:09 | Build | Market |
| 0:14 | Build | Monastery |
| 0:20 | Build | Town Center |
| 0:22 | Create | Villager (Male) ×5 |
| 0:22 | Create | Villager (Male) ×5 |
| 0:23 | Create | Villager (Male) ×5 |
| 0:23 | Create | Villager (Male) ×5 |
| 0:39 | Build | Town Center |
| 0:40 | Build | Town Center |
| 0:43 | Build | Town Center |
| 0:45 | Build | Town Center |
| 0:46 | Build | Town Center |
| 0:48 | Build | Town Center |
| 0:49 | Build | Town Center |
| 0:51 | Build | Town Center |
| 0:53 | Build | Town Center |
| 0:54 | Build | Town Center |
| 0:58 | Build | Town Center |
| 0:59 | Build | Town Center |
| 1:05 | Build | Town Center |
| 1:08 | Build | Town Center |
| 1:13 | Create | Villager (Male) ×5 |
| 1:14 | Create | Villager (Male) ×5 |
| 1:14 | Create | Villager (Male) ×5 |
| 1:14 | Create | Villager (Male) ×5 |
| 1:15 | Create | Villager (Male) ×2 |
| 1:35 | Build | Market |
| 1:49 | Create | Villager (Male) ×5 |
| 1:49 | Create | Villager (Male) ×5 |
| 1:49 | Create | Villager (Male) ×5 |
| 1:50 | Create | Villager (Male) ×5 |
| 1:50 | Create | Villager (Male) ×5 |
| 1:50 | Create | Villager (Male) ×5 |
| 1:51 | Create | Villager (Male) ×5 |
| 1:51 | Create | Villager (Male) ×3 |
| 2:02 | Build | House |
| 2:02 | Build | House |
| 2:03 | Build | House |
| 2:03 | Build | House |
| 2:03 | Build | House |
| 2:04 | Build | House |
| 2:05 | Build | House |
| 2:05 | Build | House |
| 2:06 | Build | House |
| 2:06 | Build | House |
| 2:07 | Build | House |
| 2:08 | Build | House |
| 2:08 | Build | House |
| 2:08 | Build | House |
| 2:09 | Build | House |
| 2:09 | Build | House |
| 2:13 | Build | House |
| 2:13 | Build | House |
| 2:13 | Build | House |
| 2:14 | Build | House |
| 2:14 | Build | House |
| 2:15 | Build | House |
| 2:15 | Build | House |
| 2:16 | Build | House |
| 2:16 | Build | House |
| 2:16 | Build | House |
| 2:17 | Build | House |
| 2:18 | Build | House |
| 2:21 | Build | House |
| 2:21 | Build | House |
| 2:22 | Build | House |
| 2:22 | Build | House |
| 2:22 | Build | House |
| 2:23 | Build | House |
| 2:23 | Build | House |
| 2:23 | Build | House |
| 2:24 | Build | House |
| 2:24 | Build | House |
| 2:24 | Build | House |
| 2:25 | Build | House |
| 2:25 | Build | House |
| 2:25 | Build | House |
| 2:26 | Build | House |
| 2:26 | Build | House |
| 2:26 | Build | House |
| 2:27 | Build | House |
| 2:27 | Build | House |
| 2:28 | Build | House |
| 2:36 | Create | Monk |
| 2:44 | Create | Villager (Male) ×5 |
| 2:45 | Create | Villager (Male) ×5 |
| 2:45 | Create | Villager (Male) ×5 |
| 2:45 | Create | Villager (Male) ×5 |
| 2:46 | Create | Villager (Male) ×5 |
| 2:46 | Create | Villager (Male) ×5 |
| 2:46 | Create | Villager (Male) ×5 |
| 2:47 | Create | Villager (Male) ×4 |
| 2:47 | Create | Villager (Male) ×4 |
| 2:56 | Build | Market |
| 2:58 | Build | Market |
| 3:00 | Build | Market |
| 3:04 | Build | Market |
| 3:06 | Build | Market |
| 3:08 | Build | Market |
| 3:09 | Build | Market |
| 3:12 | Build | Market |
| 3:13 | Build | Market |
| 3:15 | Build | Market |
| 3:18 | Build | Market |
| 3:20 | Build | Market |
| 3:22 | Build | Market |
| 3:27 | Build | Market |
| 3:29 | Build | Market |
| 3:30 | Build | Market |
| 3:32 | Build | Market |
| 3:34 | Build | Market |
| 3:35 | Build | Market |
| 3:40 | Create | Villager (Male) ×5 |
| 3:41 | Create | Villager (Male) ×5 |
| 3:41 | Create | Villager (Male) ×5 |
| 3:42 | Create | Villager (Male) ×5 |
| 3:42 | Create | Villager (Male) ×5 |
| 3:42 | Create | Villager (Male) ×5 |
| 3:43 | Create | Villager (Male) ×5 |
| 3:43 | Create | Villager (Male) ×5 |
| 3:43 | Create | Villager (Male) ×5 |
| 3:43 | Create | Villager (Male) ×5 |
| 3:44 | Create | Villager (Male) ×5 |
| 3:44 | Create | Villager (Male) ×5 |
| 3:44 | Create | Villager (Male) ×5 |
| 3:55 | Build | Mining Camp |
| 3:56 | Build | Mining Camp |
| 4:05 | Build | Mining Camp |
| 4:06 | Build | Mining Camp |
| 4:07 | Build | Mining Camp |
| 4:18 | Build | Mining Camp |
| 4:40 | Create | Villager (Male) ×5 |
| 4:41 | Create | Villager (Male) ×5 |
| 4:41 | Create | Villager (Male) ×5 |
| 4:41 | Create | Villager (Male) ×5 |
| 4:42 | Create | Villager (Male) ×5 |
| 4:42 | Create | Villager (Male) ×5 |
| 4:42 | Create | Villager (Male) ×5 |
| 4:43 | Create | Villager (Male) ×5 |
| 4:43 | Create | Villager (Male) ×5 |
| 4:43 | Create | Villager (Male) ×5 |
| 4:43 | Create | Villager (Male) ×5 |
| 5:28 | Build | Caravanserai |
| 5:35 | Build | Caravanserai |
| 5:45 | Build | Caravanserai |
| 5:49 | Build | Caravanserai |
| 5:54 | Build | Caravanserai |
| 5:58 | Build | Caravanserai |
| 6:12 | Create | Trade Cart ×5 |
| 6:13 | Create | Trade Cart ×5 |
Match timeline
| 0:13 | Terry's nail · first_market_buy 500 stone |
| 0:14 | Max218953 · first_building Monastery |
| 0:27 | Max218953 · first_market_buy 500 stone |
| 0:54 | Terry's nail · first_building Monastery |
| 1:42 | 29 · first_building Castle |
| 1:49 | 29 · first_building Monastery |
| 1:50 | lucaismydog · wall_segment Stone Wall x63 |
| 1:54 | lala · first_building Monastery |
| 2:01 | 29 · first_building Barracks |
| 2:01 | lucaismydog · wall_segment Stone Wall x81 |
| 2:04 | 1754426786 · wall_segment Stone Wall x47 |
| 2:18 | lucaismydog · wall_segment Stone Wall x50 |
| 2:24 | 29 · first_market_sell 500 food |
| 2:25 | lucaismydog · first_building Monastery |
| 2:36 | 29 · first_market_buy 500 stone |
| 3:00 | 29 · first_building Archery Range |
| 3:07 | lucaismydog · wall_segment Stone Wall x50 |
| 3:22 | 29 · first_building Stable |
| 3:35 | 29 · first_building Siege Workshop |
| 3:48 | lala · first_market_buy 500 stone |
| 4:21 | 29 · wall_segment Stone Wall x20 |
| 4:27 | Terry's nail · wall_segment Stone Wall x73 |
| 4:38 | lucaismydog · wall_segment Stone Wall x19 |
| 4:42 | 1754426786 · first_building Monastery |
| 4:58 | lucaismydog · first_building Castle |
| 6:18 | 1754426786 · first_building Castle |
| 7:31 | 1754426786 · wall_segment Stone Wall x21 |
| 7:32 | Terry's nail · first_building Castle |
| 7:34 | Terry's nail · wall_segment Stone Wall x4 |
| 8:05 | 29 · wall_segment Stone Wall x26 |
| 9:08 | Terry's nail · wall_segment Stone Wall x3 |
| 9:16 | Terry's nail · wall_segment Stone Wall x2 |
| 9:35 | Terry's nail · wall_segment Stone Wall x4 |
| 9:41 | 1754426786 · first_building Barracks |
| 9:52 | Terry's nail · first_building Stable |
| 9:53 | lucaismydog · wall_segment Stone Wall x19 |
| 10:05 | lucaismydog · wall_segment Stone Wall x12 |
| 10:22 | lucaismydog · wall_segment Stone Wall x26 |
| 10:45 | Ts1ns1n · wall_segment Stone Wall x51 |
| 10:46 | lala · wall_segment Stone Wall x17 |
| 10:56 | lala · wall_segment Stone Wall x87 |
| 10:58 | Ts1ns1n · wall_segment Stone Wall x18 |
| 11:05 | 29 · wall_segment Stone Wall x2 |
| 11:09 | Max218953 · wall_segment Stone Wall x28 |
| 11:12 | 29 · wall_segment Stone Wall x6 |
| 11:14 | Max218953 · wall_segment Stone Wall x15 |
| 11:18 | Max218953 · wall_segment Stone Wall x6 |
| 11:20 | 29 · wall_segment Stone Wall x1 |
| 11:23 | Max218953 · wall_segment Stone Wall x22 |
| 11:26 | Max218953 · wall_segment Stone Wall x15 |
| 11:33 | Terry's nail · wall_segment Stone Wall x3 |
| 11:44 | Terry's nail · wall_segment Stone Wall x5 |
| 11:56 | lala · wall_segment Stone Wall x33 |
| 12:14 | Terry's nail · wall_segment Stone Wall x4 |
| 12:15 | lala · wall_segment Stone Wall x31 |
| 12:45 | Terry's nail · wall_segment Stone Wall x3 |
| 12:54 | Terry's nail · wall_segment Stone Wall x3 |
| 12:58 | lala · wall_segment Stone Wall x46 |
| 13:01 | Terry's nail · wall_segment Stone Wall x4 |
| 13:07 | Terry's nail · wall_segment Stone Wall x3 |
| 13:31 | Terry's nail · first_building Siege Workshop |
| 13:46 | 29 · wall_segment Stone Wall x17 |
| 13:48 | 29 · wall_segment Stone Wall x6 |
| 13:55 | lucaismydog · wall_segment Stone Wall x14 |
| 13:58 | Max218953 · first_building Castle |
| 14:19 | Ts1ns1n · first_building Castle |
| 14:22 | Terry's nail · wall_segment Stone Wall x19 |
| 14:26 | Max218953 · wall_segment Stone Wall x41 |
| 14:31 | Max218953 · wall_segment Stone Wall x9 |
| 14:37 | lucaismydog · first_building Stable |
| 14:37 | Max218953 · wall_segment Stone Wall x1 |
| 14:43 | Max218953 · wall_segment Stone Wall x3 |
| 14:48 | Max218953 · wall_segment Stone Wall x2 |
| 14:53 | Max218953 · wall_segment Stone Wall x43 |
| 15:01 | Max218953 · wall_segment Stone Wall x11 |
| 15:03 | Max218953 · wall_segment Stone Wall x2 |
| 15:05 | 29 · wall_segment Stone Wall x5 |
| 15:09 | Max218953 · wall_segment Stone Wall x19 |
| 15:14 | Max218953 · wall_segment Stone Wall x7 |
| 15:15 | lala · wall_segment Stone Wall x11 |
| 15:16 | Max218953 · wall_segment Stone Wall x10 |
| 15:38 | Terry's nail · wall_segment Stone Wall x19 |
| 16:21 | 29 · wall_segment Stone Wall x4 |
| 16:21 | Ts1ns1n · wall_segment Stone Wall x49 |
| 16:34 | 29 · wall_segment Stone Wall x1 |
| 16:38 | lala · wall_segment Stone Wall x11 |
| 16:40 | lala · wall_segment Stone Wall x5 |
| 16:53 | lala · first_building Stable |
| 16:57 | lucaismydog · first_building Siege Workshop |
| 16:59 | Terry's nail · wall_segment Stone Wall x18 |
| 17:15 | Ts1ns1n · first_building Siege Workshop |
| 17:16 | 29 · wall_segment Stone Wall x21 |
| 17:17 | Terry's nail · wall_segment Stone Wall x17 |
| 17:22 | Terry's nail · wall_segment Stone Wall x1 |
| 17:31 | Terry's nail · wall_segment Stone Wall x13 |
| 17:43 | Terry's nail · wall_segment Stone Wall x29 |
| 18:03 | 1754426786 · first_building Siege Workshop |
| 18:04 | lala · wall_segment Stone Wall x11 |
| 18:08 | Terry's nail · wall_segment Stone Wall x3 |
| 18:22 | Champu_AOE · first_building Castle |
| 18:50 | Max218953 · first_building Siege Workshop |
| 19:07 | Terry's nail · wall_segment Stone Wall x22 |
| 19:34 | Terry's nail · wall_segment Stone Wall x6 |
| 19:53 | lala · first_building Castle |
| 20:01 | Max218953 · first_building Stable |
| 21:03 | lucaismydog · first_building Barracks |
| 21:11 | Ts1ns1n · first_building Barracks |
| 21:18 | lucaismydog · first_building Archery Range |
| 21:33 | Max218953 · wall_segment Stone Wall x5 |
| 21:46 | Max218953 · wall_segment Stone Wall x10 |
| 22:12 | Terry's nail · wall_segment Stone Wall x24 |
| 22:54 | Terry's nail · first_building Archery Range |
| 23:11 | Champu_AOE · first_building Siege Workshop |
| 23:28 | Terry's nail · wall_segment Stone Wall x15 |
| 23:36 | Champu_AOE · first_building Stable |
| 23:44 | Max218953 · wall_segment Stone Wall x17 |
| 23:48 | Max218953 · wall_segment Stone Wall x44 |
| 24:13 | Terry's nail · wall_segment Stone Wall x36 |
| 24:32 | Max218953 · wall_segment Stone Wall x44 |
| 24:32 | Terry's nail · wall_segment Stone Wall x28 |
| 24:36 | Terry's nail · wall_segment Stone Wall x20 |
| 24:40 | Max218953 · wall_segment Stone Wall x14 |
| 24:42 | Max218953 · wall_segment Stone Wall x5 |
| 24:42 | lucaismydog · wall_segment Stone Wall x6 |
| 24:45 | Terry's nail · wall_segment Stone Wall x14 |
| 24:46 | lucaismydog · wall_segment Stone Wall x1 |
| 24:48 | lucaismydog · wall_segment Stone Wall x1 |
| 25:02 | Champu_AOE · first_building Archery Range |
| 25:03 | Terry's nail · wall_segment Stone Wall x15 |
| 25:05 | Terry's nail · wall_segment Stone Wall x12 |
| 25:18 | Terry's nail · wall_segment Stone Wall x26 |
| 25:49 | Terry's nail · wall_segment Stone Wall x40 |
| 25:59 | Terry's nail · wall_segment Stone Wall x26 |
| 26:06 | lucaismydog · wall_segment Stone Wall x28 |
| 26:19 | Terry's nail · wall_segment Stone Wall x15 |
| 26:24 | Terry's nail · wall_segment Stone Wall x11 |
| 26:24 | lala · first_building Barracks |
| 26:27 | Terry's nail · wall_segment Stone Wall x1 |
| 27:29 | Terry's nail · wall_segment Stone Wall x11 |
| 27:37 | Terry's nail · wall_segment Stone Wall x26 |
| 27:46 | Terry's nail · wall_segment Stone Wall x18 |
| 28:01 | Terry's nail · wall_segment Stone Wall x14 |
| 28:20 | Terry's nail · wall_segment Stone Wall x12 |
| 28:24 | lucaismydog · wall_segment Stone Wall x9 |
| 28:32 | Max218953 · first_building Archery Range |
| 29:06 | Terry's nail · wall_segment Stone Wall x20 |
| 29:10 | Terry's nail · wall_segment Stone Wall x23 |
| 29:34 | Terry's nail · wall_segment Stone Wall x14 |
| 30:01 | Terry's nail · wall_segment Stone Wall x33 |
| 30:12 | Terry's nail · wall_segment Stone Wall x8 |
| 30:20 | Terry's nail · wall_segment Stone Wall x30 |
| 31:20 | lucaismydog · wall_segment Stone Wall x24 |
| 31:31 | Terry's nail · wall_segment Stone Wall x20 |
| 31:38 | Ts1ns1n · wall_segment Stone Wall x28 |
| 31:54 | Terry's nail · wall_segment Stone Wall x10 |
| 32:07 | lucaismydog · wall_segment Stone Wall x15 |
| 32:18 | Champu_AOE · first_market_sell 500 food |
| 33:34 | lala · first_building Siege Workshop |
| 33:55 | lucaismydog · wall_segment Stone Wall x10 |
| 34:20 | lucaismydog · wall_segment Stone Wall x18 |
| 34:48 | lucaismydog · wall_segment Stone Wall x8 |
| 35:00 | Terry's nail · wall_segment Stone Wall x22 |
| 35:37 | Terry's nail · wall_segment Stone Wall x24 |
| 40:04 | lucaismydog · wall_segment Stone Wall x15 |
| 40:12 | lucaismydog · wall_segment Stone Wall x11 |
| 42:38 | Terry's nail · wall_segment Stone Wall x41 |
| 42:46 | Max218953 · wall_segment Stone Wall x22 |
| 42:51 | lucaismydog · wall_segment Stone Wall x24 |
| 43:19 | Champu_AOE · resign |
| 44:00 | Terry's nail · wall_segment Stone Wall x33 |
| 44:02 | lucaismydog · wall_segment Stone Wall x14 |
| 44:48 | Terry's nail · wall_segment Stone Wall x21 |
| 44:59 | Terry's nail · wall_segment Stone Wall x24 |
| 45:00 | lucaismydog · wall_segment Stone Wall x4 |
| 46:16 | Max218953 · wall_segment Stone Wall x15 |
| 47:51 | Terry's nail · wall_segment Stone Wall x24 |
| 49:02 | Terry's nail · wall_segment Stone Wall x25 |
| 49:08 | Terry's nail · wall_segment Stone Wall x40 |
| 49:14 | Terry's nail · wall_segment Stone Wall x23 |
| 49:44 | Terry's nail · wall_segment Stone Wall x10 |
| 49:48 | Terry's nail · wall_segment Stone Wall x13 |
| 50:26 | Terry's nail · wall_segment Stone Wall x18 |
| 50:49 | Max218953 · wall_segment Stone Wall x21 |
| 50:57 | Max218953 · wall_segment Stone Wall x20 |
| 51:04 | Max218953 · wall_segment Stone Wall x4 |
| 51:09 | Max218953 · wall_segment Stone Wall x17 |
| 51:23 | Terry's nail · wall_segment Stone Wall x13 |
| 51:27 | Terry's nail · wall_segment Stone Wall x14 |
| 52:40 | Terry's nail · wall_segment Stone Wall x27 |
| 53:05 | Terry's nail · wall_segment Stone Wall x23 |
| 53:44 | lala · wall_segment Stone Wall x6 |
| 54:41 | lucaismydog · wall_segment Stone Wall x6 |
| 55:24 | Terry's nail · wall_segment Stone Wall x7 |
| 56:05 | lucaismydog · wall_segment Stone Wall x4 |
| 56:12 | Terry's nail · wall_segment Stone Wall x25 |
| 56:12 | lucaismydog · wall_segment Stone Wall x3 |
| 57:25 | Ts1ns1n · first_market_buy 500 stone |
| 57:54 | Max218953 · wall_segment Stone Wall x21 |
| 57:56 | Max218953 · wall_segment Stone Wall x13 |
| 58:56 | Terry's nail · wall_segment Stone Wall x18 |
| 59:51 | Terry's nail · wall_segment Stone Wall x7 |
[ AI ANALYSIS · 1 CREDIT ]
What really happened in this match?
Wolo.gg analyzes every decision: build order, eco, micro, common mistakes by bracket. Personalized analysis on WhatsApp or Discord in 30 seconds.
Civ guide
Mongols
Perfil
Jugador #4359949